 Dungeon Crawl Stone Soup version 0.30-a0-292-g0f741e3f8e (webtiles) character file.

Game seed: 2486475604682144761

16 scionoferis the Vexing (level 2, 0/21 HPs)
             Began as a Human Hexslinger on Oct 17, 2022.
             Slain by a worm (9 damage)
             ... on level 2 of the Dungeon.
             The game lasted 00:01:08 (952 turns).

scionoferis the Vexing (Human Hexslinger)            Turns: 952, Time: 00:01:09

Health: 0/21       AC:  5    Str: 10    XL:     2   Next: 75%
Magic:  3/4        EV: 12    Int: 13    God:
Gold:   67         SH:  0    Dex: 13    Spells: 3/4 levels left

rFire   . . .      SeeInvis .    a - +1 sling
rCold   . . .      Faith    .    (no shield)
rNeg    . . .      Spirit   .    c - +0 robe
rPois   .          Reflect  .    f - +2 hat
rElec   .          Harm     .    (no cloak)
rCorr   .          Rampage  .    k - +0 pair of gloves
Will    .....                    (no boots)
Stlth   +.........               (no amulet)
HPRegen 0.23/turn                (no ring)
MPRegen 0.09/turn                (no ring)

@: no status effects
A: no striking features
a: no special abilities


You were on level 2 of the Dungeon.
You visited 1 branch of the dungeon, and saw 2 of its levels.

You collected 67 gold pieces.

Inventory:

Hand Weapons
 a - a +1 sling (weapon)
Missiles
 i - 2 throwing nets
Armour
 c - a +0 robe (worn)
 f - a +2 hat (worn)
 k - a +0 pair of gloves (worn)
Scrolls
 b - a scroll of poison
 d - a scroll of immolation {unknown}
 e - a scroll of torment {unknown}
 h - a scroll of blinking {unknown}
 j - a scroll of identify {unknown}
 m - a scroll of teleportation {unknown}
Potions
 g - a potion of haste {unknown}
 l - a potion of might {unknown}
 n - a potion of invisibility {unknown}


   Skills:
 + Level 1.6 Fighting
 - Level 2.0 Ranged Weapons
 + Level 2.3 Dodging
 + Level 1.5 Spellcasting
 - Level 3.0 Hexes


You had 3 spell levels left.
You knew the following spells:

 Your Spells              Type           Power      Damage    Failure   Level
a - Slow                  Hex            32%        N/A       8%          1

Your spell library contained the following spells:

 Spells                   Type           Power      Damage    Failure   Level
 Inner Flame              Hex/Fire       4%         N/A       41%         3
 Portal Projectile        Hex/Tloc       8%         N/A       41%         3
 Cause Fear               Hex            4%         N/A       61%         4


Dungeon Overview and Level Annotations

Branches:
Dungeon (2/15)

Altars:


Message History

The worm closely misses you.
You shoot a sling bullet. The sling bullet hits the worm.
The worm is moderately wounded.
The worm barely misses you.
You shoot a sling bullet.
The sling bullet completely misses the worm.
The worm bites you. The rat attacks as you move away!
The rat closely misses you. The rat attacks as you move away!
The rat closely misses you.
You shoot a sling bullet.
The sling bullet closely misses the rat.
The sling bullet hits the worm!
The worm is moderately wounded.
The rat misses you.
You shoot a sling bullet. The sling bullet hits the rat.
You kill the rat!
You shoot a sling bullet. The sling bullet hits the worm.
The worm is severely wounded.
You shoot a sling bullet. The sling bullet hits the worm.
The worm is severely wounded.
You shoot a sling bullet. The sling bullet hits the worm.
The worm is severely wounded.
The worm bites you.
You shoot a sling bullet. The sling bullet hits the worm.
The worm is almost dead.
You shoot a sling bullet.
The sling bullet hits the worm but does no damage.
The worm is almost dead.
The worm bites you!
You are too injured to fight recklessly!
You are too injured to fight recklessly!
You are too injured to fight recklessly!
Unknown command.
Casting: Slow (safe; 8% risk of failure)
Confirm with . or Enter, or press ? or * to list all spells.
Aiming: Slow (safe; 8% risk of failure)
Press: ? - help, Shift-Dir - straight line, f/p - worm
Aim: a worm (almost dead, chance to affect: 50%)
The worm resists with some effort.
The worm bites you!
You die...

......... #.....#### #......#
#....#.##.# ......#.##.# #.#
.#.. .#.##.# #.# #.# ##.
.#.##.# #.. #.# .. ... .#.##w#
#.###.# > . .##.#.##@# ....#.#
#. ...#.##.#####.#.#.###### .
#.##........#.#.#.#..... #.
#<#####...#.#.#.#.#.####
#.###.........#.#.#.#.#.####
#.....................†.....
#####.##..#####.###.#.#.#.####
#...#.###.##........#.#.#.#
#...................#.#.#.#


You could see a worm.

Vanquished Creatures
  An endoplasm (D:1)
  2 giant cockroaches (D:1)
  A goblin (D:2)
  3 hobgoblins
  3 kobolds
  A quokka (D:2)
  A ball python (D:1)
  A bat (D:1)
  A rat (D:2)
14 creatures vanquished.

Vanquished Creatures (others)
  3 fungi (D:2)
  2 plants (D:2)
5 creatures vanquished.

Grand Total: 19 creatures vanquished

Notes
Turn   | Place    | Note
-------+----------+-------------------------------------------
     0 | D:1      | scionoferis the Human Hexslinger began the quest for the
                  | Orb.
     0 | D:1      | Reached XP level 1. HP: 15/15 MP: 2/2
   492 | D:1      | Reached XP level 2. HP: 21/21 MP: 3/3
   952 | D:2      | Slain by a worm

Illustrated notes

Levels and vault maps discovered:
D:1:      dpeg_arrival_rooms_c, layout_basic, grunt_decor_mini_mirrors
D:2:      layout_basic, shapermc_ecumenical_altar_mp_ritualfount, uniq_terence

Action                   || total
-------------------------++-------
 Fire: Sling             ||    76
 Cast: Slow              ||     1
Armor: Robe              ||    12
Dodge: Dodged            ||    31

Table legend: (Time is in decaauts)
 A = Elapsed time spent in this place.
 B = Non-inter-level travel time spent in this place.
 C = Inter-level travel time spent in this place.
 D = Time resting spent in this place.
 E = Time spent auto-exploring this place.
 F = Levels seen in this place.
 G = Mean time per level.
                   A        B        C        D        E       F      G
               +--------+--------+--------+--------+--------+-----+--------+
         Total |    974 |    955 |     19 |      0 |    791 |   2 |  487.0 |
       Dungeon |    974 |    955 |     19 |      0 |    791 |   2 |  487.0 |
               +--------+--------+--------+--------+--------+-----+--------+

Top non-repeatable levels by time:
     D:1: 768 daAuts
     D:2: 206 daAuts
